 Dungeon Crawl Stone Soup version 0.28.0-49-g6dfe1f597d (webtiles) character file.

Game seed: 12773721461794786025

397 Cykl0x the Digger (level 6, -5/32 HPs)
             Began as a Gargoyle Earth Elementalist on May 19, 2022.
             Slain by a gnoll
             ... wielding a +0 flail
              (10 damage)
             ... on level 3 of the Dungeon.
             The game lasted 00:05:55 (4326 turns).

Cykl0x the Digger (Gargoyle Earth Elementalist)     Turns: 4326, Time: 00:05:55

Health: -5/32      AC:  9    Str: 11    XL:     6   Next: 83%
Magic:  4/21       EV: 12    Int: 18    God:
Gold:   46         SH:  0    Dex: 10    Spells: 9/13 levels left

rFire   . . .      SeeInvis +   e - +0 mace
rCold   . . .      Faith    .   (no shield)
rNeg    + . .      Spirit   .   b - +0 robe
rPois   ∞          Reflect  .   r - +0 helmet
rElec   +          Harm     .   a - +0 cloak
rCorr   .          Rampage  .   (no gloves)
Will    .....                   d - +0 pair of boots
Stlth   ++........              (no amulet)
HPRegen 0.10/turn               f - ring of magical power
MPRegen 0.17/turn               i - ring of see invisible

@: no status effects
A: sickness immunity, AC +4, negative energy resistance 1, electricity
resistance, torment resistance 1, petrification resistance
a: no special abilities


You were on level 3 of the Dungeon.
You visited 1 branch of the dungeon, and saw 4 of its levels.

You collected 46 gold pieces.

Inventory:

Hand Weapons
 e - a +0 mace (weapon)
Missiles
 c - a stone
 l - a throwing net
Armour
 a - a +0 cloak (worn)
 b - a +0 robe (worn)
 d - a +0 pair of boots (worn)
 o - a +0 leather armour
 r - a +0 helmet (worn)
Jewellery
 f - a ring of magical power (left hand)
 i - a ring of see invisible (right hand)
 k - a ring of fire
Wands
 m - a wand of flame (18)
Scrolls
 g - a scroll of amnesia
Potions
 h - 2 potions of brilliance {unknown}
 j - a potion of flight {unknown}
 n - 2 potions of magic {unknown}
 p - a potion of cancellation {unknown}
 q - a potion of attraction {unknown}
 s - a potion of mutation {unknown}


   Skills:
 + Level 2.0 Dodging
 - Level 2.1 Stealth
 + Level 4.0 Spellcasting
 * Level 3.8 Conjurations
 - Level 0.7 Transmutations
 + Level 5.8 Earth Magic


You had 9 spell levels left.
You knew the following spells:

 Your Spells              Type           Power      Damage    Failure   Level
a - Sandblast             Erth           48%        2d12      1%          1
b - Stone Arrow           Conj/Erth      42%        3d9       6%          3

Your spell library contained the following spells:

 Spells                   Type           Power      Damage    Failure   Level
 Passwall                 Tmut/Erth      12%        N/A       6%          2
 Petrify                  Tmut/Erth      15%        N/A       36%         4


Dungeon Overview and Level Annotations

Branches:
Dungeon (4/15)
 Temple: D:4-7

Altars:

Annotations:
D:4 1 runed translucent door, mmigdal's ghost, weakling DsDe


Innate Abilities, Weirdness & Mutations

You are immune to sickness and miasma.
Your stone body is resilient. (AC +4)
You are immune to poison.
You resist negative energy. (rN+)
You are resistant to electric shocks. (rElec)
You are resistant to unholy torment.
You are immune to petrification.


Message History

You kill the endoplasm!
You hit the gnoll.
The gnoll is lightly wounded.
The gnoll barely misses you. The gnoll hits you with a +0 flail!
You closely miss the gnoll.
The gnoll is lightly wounded.
You are no longer glowing.
The gnoll hits you with a +0 flail.
* * * LOW HITPOINT WARNING * * *
Unknown command.
Casting: Stone Arrow (dangerous; 6% risk of failure)
Confirm with . or Enter, or press ? or * to list all spells.
Aiming: Stone Arrow (dangerous; 6% risk of failure)
Press: ? - help, Shift-Dir - straight line, f - gnoll
Aim: a gnoll, wielding a +0 flail (lightly wounded, 75% to hit)
The gnoll closely misses you.
Your magical contamination has completely faded away.
Unknown command.
Casting: Stone Arrow (dangerous; 6% risk of failure)
Confirm with . or Enter, or press ? or * to list all spells.
You don't have enough magic to cast this spell.
For a moment, you lose track of mmigdal's ghost.
There is a stone staircase leading up here.
Unknown command.
The gnoll misses you. The gnoll barely misses you.
You climb upwards.
There is a stone staircase leading down here.
You hit the gnoll.
The gnoll is lightly wounded.
The gnoll barely misses you.
You hit the gnoll but do no damage.
The gnoll is lightly wounded.
The gnoll hits you with a +0 flail.
* * * LOW HITPOINT WARNING * * *
The gnoll hits you with a +0 flail.
* * * LOW HITPOINT WARNING * * *
You hit the gnoll but do no damage.
The gnoll is lightly wounded.
The gnoll hits you with a +0 flail!
You die...

###.....####...##.......##.###.#.
#.....##......+.......#.## #.##
#.#.#.##......#.......#.## #..#
#.....##......#..........# #...
#.....##......#..........# #.##
#.#.#.##.................# #.#
#.....##.................# #.#
###.....###.....g..........# #.#
........))'.....@..........# #.#
#.......###................# #.#
#.......# #................# #.#
#8...))8# #................# #.#
#.......# ######.####'#'#### #.#
#8.....8# #.####.#.# #.#
#....(..# #....#.#.# #.#
#8.....8# ####.#.#.# #.#
#.......# #.#.#.# #.#


You could see a gnoll.

Vanquished Creatures
  A necrophage (D:3)
  A wyvern skeleton (D:3)
  A gnoll shaman (D:4)
  Ijyb (D:3)
  A hound skeleton (D:3)
  Robin (D:3)
  4 adders
  6 gnolls
  An adder skeleton (D:4)
  A dart slug (D:4)
  5 orcs (D:4)
  8 endoplasms
  2 giant cockroaches (D:3)
  13 goblins
  6 hobgoblins
  4 jackals (D:3)
  6 ball pythons
  5 bats
  4 frilled lizards
  6 kobolds
  6 rats
83 creatures vanquished.

Vanquished Creatures (others)
  13 plants (D:1)
13 creatures vanquished.

Grand Total: 96 creatures vanquished

Notes
Turn   | Place    | Note
-------+----------+-------------------------------------------
     0 | D:1      | Cykl0x the Gargoyle Earth Elementalist began the quest for
                  | the Orb.
     0 | D:1      | Reached XP level 1. HP: 10/10 MP: 3/3
   214 | D:1      | Reached XP level 2. HP: 3/15 MP: 0/5
   474 | D:1      | Reached skill level 4 in Earth Magic
   594 | D:1      | Found a faded altar of an unknown god.
  1212 | D:2      | Reached XP level 3. HP: 19/19 MP: 6/6
  1216 | D:2      | Learned a level 3 spell: Stone Arrow
  1901 | D:2      | Reached skill level 1 in Conjurations
  2319 | D:3      | Reached XP level 4. HP: 20/24 MP: 8/8
  2783 | D:3      | Noticed a necrophage
  2788 | D:3      | Killed a necrophage
  2789 | D:3      | Reached skill level 5 in Earth Magic
  2789 | D:3      | Reached XP level 5. HP: 28/28 MP: 10/10
  2928 | D:3      | Reached XP level 6. HP: 32/32 MP: 11/11
  3355 | D:3      | Noticed Ijyb
  3369 | D:3      | Killed Ijyb
  3547 | D:3      | Noticed Robin
  3550 | D:3      | Killed Robin
  4257 | D:4      | Found a runed translucent door.
  4263 | D:4      | Noticed mmigdal's ghost (weakling DsDe)
  4263 | D:4      | Noticed a sky beast
  4326 | D:3      | Slain by a gnoll

Illustrated notes

Levels and vault maps discovered:
D:1:      roderic_crop_circles_arrival_small, layout_basic,
          chequers_ecumenical_altar_island
D:2:      layout_basic, minmay_misc_feat_roman, kennysheep_generic_room_12
D:3:      kennysheep_the_goblin_king, layout_basic, grunt_decor_clamped,
          columned_hall_lemuel, minmay_hedge_maze, uniq_robin
D:4:      layout_basic, worldfamousw_hep_ancestral_shrine, temple_fountains,
          ebering_ghost_inner_flame, cheibrodos_sewer_entry_bend

Skill      XL: |  1  2  3  4  5  6 |
---------------+-------------------+-----
Earth Magic    | 4 5 |  5.8
Conjurations   | 1 2 3 |  3.8
Spellcasting   | 3 4 |  4.0
Dodging        | 2 |  2.0
Stealth        | |  2.1
Transmutations | |  0.7

Action                   |  1- 3 |  4- 6 || total
-------------------------+-------+-------++-------
Melee: Unarmed           |     7 |       ||     7
       Mace              |    17 |     9 ||    26
 Cast: Sandblast         |    30 |    43 ||    73
       Stone Arrow       |    17 |    27 ||    44
  Use: Scroll            |     1 |     2 ||     3
Armor: Robe              |     2 |     9 ||    11
Dodge: Dodged            |     8 |    14 ||    22
